[Event "*** Titled Tuesday Blitz"]
[Site "Chess.com"]
[Date "2019.05.07"]
[Round "3"]
[White "MITerryble"]
[Black "SaraciNderim"]
[Result "0-1"]
[WhiteElo "2808"]
[BlackElo "2746"]
[TimeControl "180+2"]
[EndTime "13:39:07 PDT"]
[Termination "SaraciNderim won by resignation"]

1. d4 Nf6 2. Nf3 g6 3. Bg5 Bg7 4. Nbd2 d5 5. c3 c6 6. e3 Bf5 7. Qb3 Qb6 8. Be2 Nbd7 9. O-O O-O 10. Nh4 Rfe8 11. Nxf5 gxf5 12. Bh4 Ne4 13. Rfd1 Nxd2 14. Rxd2 Qxb3 15. axb3 e6 16. Ra4 a6 17. Rd1 Nf6 18.
Bd3 Rac8 19. f3 Nd7 20. Re1 Nf8 21. Bg3 Ng6 22. e4 fxe4 23. fxe4 Red8 24. e5 c5 25. dxc5 Rxc5 26. Rg4 Kf8 27. h4 d4 28. cxd4 Rcd5 29. Bf2 Nxe5 30. dxe5 Rxd3 31. Bc5+ Kg8 32. h5 h6 33. Bd6 Kh7 34. Rf1 Rd7 35. b4 Rd5 36.
Rgf4 Kg8 37. Rg4 b5 38. Rf3 Kh7 39. Rfg3 f5 40. exf6 Bxf6 41. Bf4 Rxh5 42. Rg6 Bd4+ 43. Kf1 Rf7 44. Rf3 Kxg6 0-1

[Event "*** Titled Tuesday Blitz"]
[Site "Chess.com"]
[Date "2019.05.07"]
[Round "3"]
[White "GremioPrudente"]
[Black "Siemba"]
[Result "1-0"]
[WhiteElo "2122"]
[BlackElo "2102"]
[TimeControl "180+2"]
[EndTime "13:39:07 PDT"]
[Termination "GremioPrudente won by checkmate"]

1. Nf3 Nf6 2. d4 g6 3. c4 Bg7 4.
Nc3 d6 5. Bg5 O-O 6. e3 b6 7.
Be2 Bb7 8. O-O Nbd7 9. Rc1 h6 10. Bh4 c5 11. d5 a6 12. a4 Qc7 13. Qd3 e6 14. dxe6 fxe6 15. Bg3 e5 16. Qxg6 Rae8 17.
Nh4 Qc6 18. Bf3 e4 19. Be2 Ne5 20. Bxe5 Rxe5 21. f4 exf3 22. Bxf3 Qd7 23. Bxb7 Qxb7 24. Nf5 Rxf5 25. Rxf5 Qe7 26. Rf3 Nd7 27. Rxf8+ Nxf8 28. Qe4 Qg5 29. Qf4 Qg6 30. Rf1 Ne6 31. Qf5 Qe8 32. Nd5 Ng5 33. Nf6+ Bxf6 34. Qxf6 Qxe3+ 35. Kh1 Qe8 36. Qxd6 Ne6 37. Re1 Kf7 38. Rf1+ Kg8 39.
Qg3+ Ng5 40. Qf4 Qe2 41. Qf8+ Kh7 42. Qf5+ Kg8 43. b3 Ne4 44. Qg6+ Kh8 45. Rf8# 1-0

[Event "*** Titled Tuesday Blitz"]
[Site "Chess.com"]
[Date "2019.05.07"]
[Round "3"]
[White "pedroholly22"]
[Black "Hikaru"]
[Result "0-1"]
[WhiteElo "2275"]
[BlackElo "3205"]
[TimeControl "180+2"]
[EndTime "13:39:10 PDT"]
[Termination "Hikaru won by resignation"]

1. e4 e5 2. Nf3 Nc6 3. Bb5 a6 4. Ba4 Nf6 5. O-O Be7 6. Re1 b5 7. Bb3 d6 8. c3 O-O 9. h3 Nb8 10. d4 Nbd7 11. Nbd2 Bb7 12. Bc2 c5 13. d5 c4 14. Nf1 Re8 15. Ng3 Nc5 16. Be3 Nfd7 17. Qd2 g6 18. a4 Bf8 19. Nh2 h5 20. f4 h4 21. Ngf1 exf4 22. Bxf4 Ne5 23. axb5 axb5 24. Bxe5 dxe5 25. Ng4 Nd7 26. Kh1 Rxa1 27. Rxa1 Nf6 28. Nxf6+ Qxf6 29. Ne3 Qg5 30. Nf1 Qd8 31. Ne3 Bc8 32.
Qe2 Bh6 33. Ng4 Bf4 34. Nh2 Kg7 35. Nf3 Qf6 36. Qf2 Bg3 37. Qe2 Bd7 38. Rf1 Qd6 39. Nh2 Ra8 40. Ng4 Bf4 41. Ne3 Ra2 42. Bb1 Ra1 43.
Bc2 Rxf1+ 44. Nxf1 Qa6 45. b3 cxb3 46. Bxb3 Qa1 47. Qd3 f5 48. Kg1 fxe4 49. Qxe4 Qxc3 50. Bd1 Bf5 51. Qe2 Qd4+ 52. Kh1 Bd3 0-1

[Event "*** Titled Tuesday Blitz"]
[Site "Chess.com"]
[Date "2019.05.07"]
[Round "3"]
[White "Pushdapawn"]
[Black "el-reptiliano"]
[Result "0-1"]
[WhiteElo "2166"]
[BlackElo "2171"]
[TimeControl "180+2"]
[EndTime "13:39:11 PDT"]
[Termination "el-reptiliano won by checkmate"]

1. d4 d5 2. Bf4 e6 3. e3 Bd6 4.
Bg3 c5 5. Nf3 Qc7 6. Ne5 Nf6 7.
c3 O-O 8. Bd3 Nc6 9. f4 Ne7 10.
Bh4 Ne4 11. Bxe4 dxe4 12. Nd2 Nf5 13. Bf2 cxd4 14. cxd4 Qa5 15. O-O Qd5 16. Qc2 f6 17. Nec4 b5 18. Nxd6 Nxd6 19. Rac1 Bb7 20. Qc5 Rfc8 21.
Qb4 a5 22. Rxc8+ Bxc8 23. Qc5 Bb7 24. Nb3 Nc4 25. Rb1 a4 26. Qxd5 Bxd5 27. Nc5 b4 28. b3 Na3 29. Rc1 axb3 30. axb3 Nb5 31. Be1 Ra2 32.
Bxb4 Kf7 33. Be1 h6 34. b4 g5 35. Nd7 gxf4 36. exf4 e3 37. Nb6 Rxg2+ 38. Kf1 e2# 0-1

[Event "*** Titled Tuesday Blitz"]
[Site "Chess.com"]
[Date "2019.05.07"]
[Round "3"]
[White "oskariot"]
[Black "chessking2151"]
[Result "1-0"]
[WhiteElo "2569"]
[BlackElo "2586"]
[TimeControl "180+2"]
[EndTime "13:39:12 PDT"]
[Termination "oskariot won by resignation"]

1. b3 e5 2. Bb2 Nc6 3. e3 Nf6 4. Bb5 Bd6 5. Ne2 O-O 6. O-O a6 7. Bxc6 dxc6 8. d3 Qe7 9. e4 Nh5 10. Nd2 Bd7 11. Nc4 f6 12. Nxd6 cxd6 13. f4 d5 14.
exd5 cxd5 15. Qd2 Rae8 16. Qa5 Bc6 17. Ba3 Qe6 18. Bxf8 exf4 19. Nxf4 Nxf4 20. Rxf4 Qe3+ 21. Rf2 Kxf8 22. Qd2 Qc5 23. d4 Qd6 24. Re1 Kf7 25. Rxe8 Kxe8 26. c3 Kd7 27. Qe3 Qe6 28. Re2 Qf5 29.
Qe7+ Kc8 30. Qe6+ Qxe6 31. Rxe6 Kd7 32. Re1 Bb5 33. Kf2 Bd3 34. Ke3 Be4 35. c4 f5 36.
h4 Kd6 37. Rc1 g6 38. g3 a5 39. cxd5 Bxd5 40. Rc8 b5 41. Rh8 h5 42. Rc8 a4 43.
bxa4 bxa4 44. a3 Bb3 45. Rc5 Bd5 46. Kf4 Bf3 47. Kg5 1-0

[Event "*** Titled Tuesday Blitz"]
[Site "Chess.com"]
[Date "2019.05.07"]
[Round "3"]
[White "checkmatequen"]
[Black "fidezivkovic"]
[Result "0-1"]
[WhiteElo "2182"]
[BlackElo "2300"]
[TimeControl "180+2"]
[EndTime "13:39:12 PDT"]
[Termination "fidezivkovic won by checkmate"]

1. e4 c5 2. Nf3 g6 3. d4 cxd4 4.
Nxd4 Nc6 5. Nc3 Bg7 6. Be3 Nf6 7.
Bc4 Qa5 8. O-O O-O 9. Bb3 d6 10. h3 Bd7 11. f4 Qh5 12. Qd3 b5 13. a3 b4 14. axb4 Nxb4 15. Qd2 a5 16. Rf3 Rfc8 17. g4 Nxg4 18. hxg4 Bxg4 19. Rg3 e5 20. Ndb5 d5 21. Nxd5 Nxd5 22. Bxd5 Rab8 23. Nd6 Rc7 24. c4 exf4 25.
Rg2 fxe3 26. Qxe3 Be6 27. Bxe6 fxe6 28. Rf1 Bxb2 29. Qf4 Qe5 30. Qxe5 Bxe5 31. Nf7 Rxf7 32. Rxf7 Kxf7 33. Ra2 Ra8 34. Kf2 a4 35. Ke3 a3 36.
Kd3 Bb2 37. c5 Ke7 38. Kc4 Kd7 39. Kb5 Rb8+ 40. Kc4 Kc6 41. e5 Rb7 42. Kd3 Kxc5 43.
Kc2 Kc4 44. Kb1 Rf7 45. Kc2 Rf2+ 46. Kb1 Kb3 47. Rxa3+ Bxa3 48. Ka1 Rf1# 0-1

[Event "*** Titled Tuesday Blitz"]
[Site "Chess.com"]
[Date "2019.05.07"]
[Round "3"]
[White "Vusatiuk_Vladimir"]
[Black "WeAintSurePal"]
[Result "1/2-1/2"]
[WhiteElo "2151"]
[BlackElo "2209"]
[TimeControl "180+2"]
[EndTime "13:39:12 PDT"]
[Termination "Game drawn by agreement"]

1. e4 c6 2. d4 d5 3. e5 c5 4.
dxc5 Nc6 5. a3 Nxe5 6. b4 Nf6 7. Bb2 Ng6 8. Nf3 Bg4 9. c4 dxc4 10. Qxd8+ Rxd8 11. Bxc4 Nf4 12. O-O Bxf3 13. gxf3 e6 14. Bb5+ Nd7 15.
Rd1 a6 16. Ba4 Be7 17. Be5 Nd5 18. Nc3 O-O 19. Nxd5 exd5 20. Bc7 Rc8 21. Bxd7 Rxc7 22. Rxd5 Rd8 23. Rad1 a5 24. Bf5 Rxd5 25. Rxd5 g6 26. Bb1 Bf6 27. Rd6 Be5 28. Rb6 Bb2 29. a4 axb4 30.
Rxb4 Ba3 31. Rb5 Bxc5 32. Be4 b6 33. Rb1 Rd7 34. Rb2 h5 35. Kg2 Kg7 36. Bc6 Rd6 37.
Be4 h4 38. Kh3 f5 39. Bb7 g5 40. f4 g4+ 41. Kxh4 Bd4 42. Re2 Bf6+ 43. Kg3 Rd3+ 44. Kg2 Rd4 45. Bc6 Rxf4 46. Bd7 Rd4 47. Bxf5 Rxa4 48.
Re4 Rxe4 49. Bxe4 Kh6 50. Bc6 Kg5 51. h3 gxh3+ 52. Kxh3 Kf4 53. Kg2 Bd4 54. f3 Bc5 55. Kf1 1/2-1/2

[Event "*** Titled Tuesday Blitz"]
[Site "Chess.com"]
[Date "2019.05.07"]
[Round "3"]
[White "jefferyx"]
[Black "c63_amg"]
[Result "1-0"]
[WhiteElo "2900"]
[BlackElo "2662"]
[TimeControl "180+2"]
[EndTime "13:39:14 PDT"]
[Termination "jefferyx won by resignation"]

1. d4 Nf6 2. c4 e6 3. Nc3 Bb4 4. Nf3 b6 5. Qc2 Bb7 6. a3 Bxc3+ 7. Qxc3 d6 8. e3 Nbd7 9. Be2 O-O 10. O-O Qe7 11.
b4 Ne4 12. Qc2 f5 13. Bb2 Ndf6 14. Ne1 c5 15. f3 Ng5 16. dxc5 bxc5 17. bxc5 dxc5 18.
Nd3 Nf7 19. Rab1 Bc6 20. Qc3 Rfe8 21. Qa5 Nd7 22. Rfd1 e5 23. Nf2 Reb8 24. Qc7 Rc8 25. Qa5 Rcb8 26. Ba1 Rb6 27. Bd3 e4 28. fxe4 fxe4 29.
Bc2 Qg5 30. Qc3 Nfe5 31. Rxb6 axb6 32. Bxe4 Bxe4 33. Nxe4 Qg4 34. Nf2 Qg6 35. Nd3 Nxd3 36. Qxd3 Nf6 37. Bxf6 Qxd3 38. Rxd3 gxf6 39. Kf2 Kf7 40.
Rd7+ Ke6 41. Rxh7 Rxa3 42. Rb7 Rb3 43. Kf3 Rb4 44. g4 Rxc4 45. Rxb6+ Kf7 46. Rc6 Rc1 47.
h4 c4 48. h5 Kg7 49. Ke4 c3 50. Kd3 Rg1 51. Rc4 Rg3 52. Re4 Kh6 53. Kxc3 Kg5 54. Kd4 Rg1 55. Rf4 Ra1 56. Ke4 Ra4+ 57. Kf3 Ra3 58.
Rf5+ 1-0

[Event "*** Titled Tuesday Blitz"]
[Site "Chess.com"]
[Date "2019.05.07"]
[Round "3"]
[White "Korchmar_Vasiliy"]
[Black "Iball95"]
[Result "1-0"]
[WhiteElo "2824"]
[BlackElo "2612"]
[TimeControl "180+2"]
[EndTime "13:39:14 PDT"]
[Termination "Korchmar_Vasiliy won by checkmate"]

1. d4 g6 2. e4 Bg7 3. Nc3 d6 4. f4 a6 5. Nf3 b5 6. Bd3 e6 7. O-O Ne7 8. a4 b4 9. Ne2 O-O 10. Kh1 Bb7 11. a5 c5 12. c3 bxc3 13.
bxc3 Nbc6 14. Qa4 cxd4 15. cxd4 f5 16. Ng5 Qd7 17. Rb1 h6 18. Nxe6 Qxe6 19. Bc4 d5 20. exd5 Nxd5 21. Rxb7 Kh8 22. Qa2 Rad8 23. Ba3 Rfe8 24.
Bc5 Qc8 25. Rxg7 Kxg7 26. Bxd5 Rxd5 27. Qxd5 Rxe2 28. h3 Nxa5 29. Bd6 Qc6 30. Be5+ Kf8 31. Qd8+ Kf7 32. d5 Qb5 33. Qf6+ Ke8 34. Qe6+ Kd8 35.
Rc1 Nc4 36. Bf6+ Kc7 37. Qxe2 Kd6 38. Qxc4 Qb2 39. Qc6# 1-0

[Event "*** Titled Tuesday Blitz"]
[Site "Chess.com"]
[Date "2019.05.07"]
[Round "3"]
[White "Divertissement"]
[Black "biostatistician"]
[Result "0-1"]
[WhiteElo "2667"]
[BlackElo "2525"]
[TimeControl "180+2"]
[EndTime "13:39:14 PDT"]
[Termination "biostatistician won by resignation"]

1. e4 e6 2. d4 d5 3. Nd2 Nc6 4. Ngf3 Nf6 5. e5 Ne4 6. Bd3 Nxd2 7. Bxd2 Nb4 8. Bb5+ Bd7 9. Be2 c5 10. c3 Nc6 11.
Be3 cxd4 12. cxd4 Bb4+ 13. Kf1 O-O 14. g3 f6 15. exf6 Qxf6 16. Kg2 Be8 17. Bg5 Qg6 18. a3 Bd6 19. Qd2 h6 20. Be3 Qf6 21. b4 Bh5 22. Ng1 Bg6 23. b5 Ne7 24. Bd3 Rac8 25. Bxg6 Qxg6 26.
Rc1 Rxc1 27. Qxc1 Rc8 28. Qd1 Nf5 29. Nf3 Nxe3+ 30. fxe3 Rc2+ 31. Kh3 Qe4 32. Rf1 Ra2 33. Nh4 Be7 34. Qh5 Bxh4 35. Qf7+ Kh7 36. Rf3 Bg5 37. Qh5 Bxe3 38. Rf8 Qg2+ 39. Kg4 Qe2+ 40. Kh4 Qxh5+ 41. Kxh5 Rxh2+ 0-1

[Event "*** Titled Tuesday Blitz"]
[Site "Chess.com"]
[Date "2019.05.07"]
[Round "3"]
[White "Sebastian"]
[Black "MatthewG-p4p"]
[Result "0-1"]
[WhiteElo "2885"]
[BlackElo "2699"]
[TimeControl "180+2"]
[EndTime "13:39:16 PDT"]
[Termination "MatthewG-p4p won by resignation"]

1. e4 e6 2. d4 d5 3. Nc3 Bb4 4. e5 Ne7 5. a3 Bxc3+ 6. bxc3 c5 7. h4 Nbc6 8. h5 h6 9. Qe2 cxd4 10. Qg4 Qa5 11. Rh3 Nf5 12. Bf4 Bd7 13. Rb1 O-O-O 14. Bd3 dxc3 15. Ne2 g5 16. hxg6 fxg6 17. Qxg6 Rhg8 18. Qh5 Rxg2 19. Kf1 Rgg8 20. Bxf5 exf5 21. Rxc3 d4 22. Rcb3 b6 23. Qf3 Qc5 24. Rb5 Qc4 25.
R5b4 Qa6 26. Rxd4 Qb7 27. Rc4 Rg6 28. Nd4 Be8 29. Nxf5 Qa6 30. Qe2 Kb7 31. Nd6+ Ka8 32. Bg3 Re6 33. Re4 Qxe2+ 34. Rxe2 Nd4 35. Re4 Rdxd6 36.
Rd1 Bb5+ 37. c4 Bxc4+ 38. Kg2 Bd5 39. Rxd4 Bxe4+ 40. Rxe4 Rd8 41. f4 Rf8 42. Kf3 Kb7 43. Rd4 Rxe5 44. Rd6 Ra5 45. Re6 Rxa3+ 0-1

[Event "*** Titled Tuesday Blitz"]
[Site "Chess.com"]
[Date "2019.05.07"]
[Round "3"]
[White "Alopekos"]
[Black "Casper_Schoppen"]
[Result "0-1"]
[WhiteElo "2568"]
[BlackElo "2588"]
[TimeControl "180+2"]
[EndTime "13:39:16 PDT"]
[Termination "Casper_Schoppen won by resignation"]

1. e4 c5 2. Nf3 Nc6 3. Nc3 e6 4. d4 cxd4 5. Nxd4 Qc7 6. Be3 a6 7. Be2 Nf6 8. O-O d6 9. f4 Be7 10. Kh1 O-O 11. Qe1 Nxd4 12. Bxd4 b5 13. a3 Bb7 14.
Qg3 Rad8 15. Bd3 Rd7 16. Rae1 Re8 17. e5 dxe5 18. Bxe5 Qd8 19. f5 exf5 20. Rxf5 Bd6 21. Rxf6 Bxe5 22. Rxe5 Rxe5 23. Qxe5 gxf6 24. Qf5 Kf8 25.
Qxh7 Ke7 26. h3 Qa8 27. Qg7 Rd8 28. Qg3 Rg8 29. Qe3+ Kf8 30. Ne4 Bxe4 31. Bxe4 Qc8 32.
Qh6+ Ke7 33. Qe3 Qe6 34. Qa7+ Kf8 35. Bf3 Kg7 36. c3 Rd8 37. Qf2 Qe5 38. Bg4 f5 39. Bxf5 Rd1+ 0-1

[Event "*** Titled Tuesday Blitz"]
[Site "Chess.com"]
[Date "2019.05.07"]
[Round "3"]
[White "Frolik67"]
[Black "Al_Shima"]
[Result "1-0"]
[WhiteElo "2603"]
[BlackElo "2407"]
[TimeControl "180+2"]
[EndTime "13:39:17 PDT"]
[Termination "Frolik67 won by resignation"]

1. e4 d5 2. exd5 Nf6 3. Nc3 Nxd5 4. Nf3 Bg4 5. Be2 c6 6. d3 e6 7. Bd2 Be7 8. h3 Bh5 9. a3 Nd7 10. Ne4 O-O 11. b4 Qc7 12. c4 Nf4 13. g4 Bg6 14.
Bc3 Rfd8 15. Qc2 c5 16. b5 e5 17. Bd2 Ne6 18. Nc3 Nb6 19. Ne4 Rd7 20. Be3 Rad8 21. O-O f5 22. gxf5 Bxf5 23. Kh2 Nd4 24. Bxd4 exd4+ 25.
Ng3 Bd6 26. a4 Rf7 27. Rae1 h5 28. h4 Bg4 29. Kg2 Rdf8 30. Ng5 Bxe2 31. Qxe2 Rf6 32.
Qxh5 Rh6 33. Qg4 Rf4 34. Re8+ Bf8 35. Ne6 Qf7 36. Rxf8+ Qxf8 37. Nxf4 Nxa4 38. Nf5 Rf6 39. Nd5 Re6 40. h5 Nc3 41. Kh1 Nxd5 42. cxd5 Re5 43.
Ng3 a6 44. bxa6 bxa6 45. Ne4 Qf7 46. d6 Rxh5+ 47. Kg2 Rh6 48. d7 Qe7 49. Rb1 1-0

[Event "*** Titled Tuesday Blitz"]
[Site "Chess.com"]
[Date "2019.05.07"]
[Round "3"]
[White "northridgehawk"]
[Black "Der_Honigdachs"]
[Result "1-0"]
[WhiteElo "2259"]
[BlackElo "2336"]
[TimeControl "180+2"]
[EndTime "13:39:18 PDT"]
[Termination "northridgehawk won on time"]

1. e4 e5 2. Nf3 Nc6 3. Bb5 d6 4. d4 exd4 5. Nxd4 Bd7 6. Bxc6 bxc6 7. Nc3 g6 8. O-O Bg7 9. Be3 Ne7 10. Qf3 O-O 11. Rad1 Rb8 12. Nb3 c5 13. Bg5 f6 14.
Bh4 Nc6 15. Qe3 c4 16. Nd2 Be6 17. b3 cxb3 18. axb3 Qd7 19. Ra1 Rbe8 20. Bg3 f5 21. Qd3 f4 22. Bh4 h6 23. f3 Nb4 24. Qe2 Bxc3 25. Ra4 Nxc2 26. Bf2 Ne3 27. Rc1 Be5 28.
Rxa7 Rc8 29. Bxe3 fxe3 30. Qxe3 Qb5 31. Kh1 Bf4 32. Qc3 Qh5 33. Nf1 Bxc1 34. Qxc1 Qc5 35. Qa1 Bxb3 36. Ng3 Qe5 37. Qc1 Kg7 38. Rb7 Be6 39.
Qe1 h5 40. h4 Rf7 41. Qe3 Qf4 42. Qe1 Qxh4+ 43. Kg1 Qf4 44. Qf2 h4 45. Ne2 Qg5 46. f4 Qc5 47. Nd4 1-0

[Event "*** Titled Tuesday Blitz"]
[Site "Chess.com"]
[Date "2019.05.07"]
[Round "3"]
[White "Lagmantr"]
[Black "DrMelekess"]
[Result "1-0"]
[WhiteElo "2596"]
[BlackElo "2761"]
[TimeControl "180+2"]
[EndTime "13:39:23 PDT"]
[Termination "Lagmantr won by resignation"]

1. e4 d5 2. exd5 Qxd5 3. Nc3 Qd8 4. Nf3 Nf6 5. d4 Bg4 6. h3 Bxf3 7. Qxf3 c6 8. Bg5 Qxd4 9. Be2 Nbd7 10. O-O e6 11. Rad1 Qb6 12. Ne4 Be7 13. Nd6+ Bxd6 14. Rxd6 O-O 15.
Rfd1 Qc7 16. Qg3 Rfc8 17. Bh6 g6 18. Bf4 Nd5 19. R6xd5 Qxf4 20. Qxf4 cxd5 21. c4 Nb6 22. b3 Rab8 23. h4 h5 24. c5 Nd7 25. b4 Nf8 26. Qg3 Rd8 27. Bxh5 Rbc8 28. Bf3 Rd7 29. h5 Kg7 30.
Qe5+ f6 31. h6+ Kf7 32. Qg3 Nh7 33. Re1 Re8 34. Bh5 Rg8 35. Bd1 Re8 36. Ba4 1-0

[Event "*** Titled Tuesday Blitz"]
[Site "Chess.com"]
[Date "2019.05.07"]
[Round "3"]
[White "Jospem"]
[Black "Michael_Scofield01"]
[Result "1-0"]
[WhiteElo "2910"]
[BlackElo "2690"]
[TimeControl "180+2"]
[EndTime "13:39:24 PDT"]
[Termination "Jospem won by resignation"]

1. e4 e5 2. Nf3 Nc6 3. Bb5 a6 4. Ba4 Nf6 5. O-O Be7 6. Re1 b5 7. Bb3 d6 8. c3 O-O 9. h3 Na5 10.
Bc2 Nc6 11. d4 Bb7 12. Nbd2 Re8 13. a3 Bf8 14. d5 Ne7 15. b3 c6 16. c4 cxd5 17.
cxd5 g6 18. b4 Nh5 19. Nb3 Rc8 20. Na5 Ba8 21. Bd3 Nf4 22. Bf1 f5 23. Bxf4 exf4 24. Nd4 fxe4 25. Ne6 Qd7 26. Rxe4 Nxd5 27. Nxf8 Rxf8 28.
Rd4 Qf5 29. Qb3 f3 30. g3 Kg7 31. Re1 Rce8 32. Red1 Ne3 33. Rf4 Qc2 34. fxe3 f2+ 35. Kh2 Qxb3 36. Nxb3 Rxe3 37. Rd3 Rxd3 38. Bxd3 Rxf4 39.
gxf4 Bd5 40. Nd2 Bc4 41. Nxc4 1-0

[Event "*** Titled Tuesday Blitz"]
[Site "Chess.com"]
[Date "2019.05.07"]
[Round "3"]
[White "GrigorGrigorov"]
[Black "Gergo85"]
[Result "1-0"]
[WhiteElo "2833"]
[BlackElo "2632"]
[TimeControl "180+2"]
[EndTime "13:39:24 PDT"]
[Termination "GrigorGrigorov won on time"]

1. d4 Nf6 2. c4 g6 3. Nf3 Bg7 4. Nc3 d5 5. h4 c6 6. Bg5 dxc4 7.
e4 Be6 8. e5 Nd5 9. h5 Nxc3 10.
bxc3 Nd7 11. Nd2 f6 12. exf6 exf6 13. Be3 Nb6 14. a4 Qe7 15. h6 Bf8 16. Qc2 Qf7 17. a5 Nd5 18. Nxc4 Be7 19. Bd3 O-O 20. O-O Nxe3 21. Nxe3 f5 22. Qe2 Bg5 23. Nc4 Bxh6 24. Nd6 Qd7 25. Nxb7 Qxb7 26. Qxe6+ Kh8 27. Rab1 Qc7 28.
Rfe1 Bd2 29. Re2 Bxc3 30. a6 Qf7 31. Qxc6 Rac8 32. Qd6 Rfd8 33. Qe5+ Qg7 34. Qxg7+ Kxg7 35. Rb7+ Kf6 36. Rxa7 Bxd4 37. Rxh7 Rc1+ 38. Kh2 Ra1 39. Bc4 Be5+ 40. g3 Ra5 41. f4 Bxf4 42. gxf4 1-0

[Event "*** Titled Tuesday Blitz"]
[Site "Chess.com"]
[Date "2019.05.07"]
[Round "3"]
[White "sergeikim"]
[Black "Thee-Chessboy"]
[Result "0-1"]
[WhiteElo "2473"]
[BlackElo "2365"]
[TimeControl "180+2"]
[EndTime "13:39:28 PDT"]
[Termination "Thee-Chessboy won by resignation"]

1. d4 Nf6 2. c4 g6 3. Nc3 Bg7 4. e4 d6 5. Nge2 O-O 6. Ng3 e5 7. d5 a5 8. Be2 h5 9. Bg5 Qe8 10.
Qd2 Nh7 11. Bh6 h4 12. Nf1 f5 13. Bxg7 Kxg7 14. h3 f4 15. Nh2 g5 16. Bg4 Bxg4 17. Nxg4 Nf6 18. Nxf6 Rxf6 19. O-O-O Qg6 20. Nb5 Na6 21.
f3 b6 22. Kb1 Qf7 23. Qc2 Nc5 24. b3 Qd7 25. Rd2 Rff8 26. Kc1 Na6 27. Kd1 a4 28. Ke2 axb3 29. axb3 Nc5 30. b4 Nb7 31. Qc3 Ra6 32. Ra1 Rfa8 33. Rdd1 Kf7 34. Rxa6 Rxa6 35. Ra1 Rxa1 36.
Qxa1 c6 37. dxc6 Qxc6 38. Kd3 d5 39. exd5 Qg6+ 40. Kd2 e4 41. Qa7 e3+ 42. Kc3 Qf6+ 43. Kd3 Qg6+ 44. Kc3 Qf6+ 45. Nd4 e2 46. Qa1 Qe5 47. Kd2 Qe3+ 48. Kc2 e1=Q 0-1

[Event "*** Titled Tuesday Blitz"]
[Site "Chess.com"]
[Date "2019.05.07"]
[Round "3"]
[White "MateusViageiro"]
[Black "NemtsevIgor"]
[Result "1-0"]
[WhiteElo "2176"]
[BlackElo "2271"]
[TimeControl "180+2"]
[EndTime "13:39:34 PDT"]
[Termination "MateusViageiro won on time"]

1. e4 c6 2. d4 d5 3. Nc3 h6 4. Nf3 Nf6 5. exd5 cxd5 6. Bd3 Nc6 7. h3 g6 8. O-O Bf5 9. Bxf5 gxf5 10. Re1 e6 11. Bf4 Ne4 12. Ne5 Bd6 13. Nb5 Bxe5 14. dxe5 Qb6 15. Nd6+ Ke7 16. Be3 d4 17. Nxe4 fxe4 18. Bf4 Rad8 19. Rxe4 Rd5 20. Bg3 Rg8 21. Bh4+ Ke8 22. Bf6 Qb5 23. Rg4 Rxg4 24. Qxg4 Qc5 25. Re1 b5 26. Qg7 Qf8 27. Qg3 b4 28. Re4 a5 29.
Rg4 Kd7 30. Rg8 Qc5 31. Qg7 Kc7 32. Qxf7+ Kb6 33. Qxe6 d3 34. cxd3 Rxd3 35. Rb8+ Ka7 36. Rg8 Rd1+ 37. Kh2 Qxf2 38. Qxc6 Qg1+ 39. Kg3 Rd3+ 40.
Kg4 Qd1+ 41. Kf5 Qh5+ 42. Ke6 1-0

[Event "*** Titled Tuesday Blitz"]
[Site "Chess.com"]
[Date "2019.05.07"]
[Round "3"]
[White "GHANDEEVAM2003"]
[Black "Marcus_Harvey"]
[Result "1-0"]
[WhiteElo "2870"]
[BlackElo "2651"]
[TimeControl "180+2"]
[EndTime "13:39:41 PDT"]
[Termination "GHANDEEVAM2003 won by resignation"]

1. c4 Nf6 2. Nc3 e6 3. Nf3 d5 4. d4 Be7 5. Bf4 O-O 6. e3 dxc4 7. Bxc4 a6 8. O-O b5 9. Bd3 c5 10. Qe2 cxd4 11. Nxd4 Bb7 12. Rad1 Qb6 13. a3 Nbd7 14.
Bg5 h6 15. Bh4 Nc5 16. Bb1 Rac8 17. e4 Rfe8 18. e5 Nd5 19. Qc2 Bxh4 20. Qh7+ Kf8 21. Nxd5 Bxd5 22. b4 Nd7 23. Nf5 exf5 24. Rxd5 Ke7 25.
Bxf5 Nf8 26. Qxg7 Rcd8 27. Rxd8 Rxd8 28. g3 Bg5 29. h4 Bd2 30. Rd1 Qc6 31. h5 Rd4 32. e6 Nxe6 33. Bxe6 Qf3 34. Bxf7 Qxd1+ 35. Kg2 Rd7 36. Bg6+ Kd6 37. Qf6+ Kc7 38. Qe5+ Kc8 39. Bf5 Bg5 40. Qe4 Qd5 41. Qxd5 1-0

[Event "*** Titled Tuesday Blitz"]
[Site "Chess.com"]
[Date "2019.05.07"]
[Round "3"]
[White "GukeshDommaraju"]
[Black "IakovUlivar"]
[Result "1-0"]
[WhiteElo "2632"]
[BlackElo "2534"]
[TimeControl "180+2"]
[EndTime "13:39:44 PDT"]
[Termination "GukeshDommaraju won by checkmate"]

1. c4 e6 2. Nf3 d5 3. g3 Nf6 4. Bg2 Be7 5. O-O O-O 6. b3 b6 7. Bb2 Bb7 8. d4 c5 9. cxd5 Nxd5 10. dxc5 Bxc5 11. Nbd2 Nc6 12. a3 Be7 13. Rc1 Rc8 14.
e4 Nf6 15. Qe2 Qc7 16. e5 Nd5 17. Ne4 Rfd8 18. Rfd1 Qd7 19. b4 Qe8 20. Nfd2 Qf8 21.
Qg4 Ba6 22. Nf6+ Bxf6 23. exf6 g6 24. Ne4 h5 25. Qg5 Be2 26. Rd2 Bg4 27. Rdc2 Nb8 28. Be5 Rxc2 29. Rxc2 Bf5 30. h3 Bxe4 31. Bxe4 Nd7 32.
Bxg6 Nxe5 33. Be4+ Ng6 34. Bxg6 fxg6 35. Qxg6+ Kh8 36. Qxh5+ Kg8 37. Qg6+ Kh8 38. Rc4 Qxf6 39. Qh5+ Kg7 40. Rg4+ Kf8 41. Rg6 Qf7 42. Qh6+ Ke8 43. Rg7 Qf6 44. Qh8+ Qf8 45. Qh5+ Qf7 46. Qxf7# 1-0

[Event "*** Titled Tuesday Blitz"]
[Site "Chess.com"]
[Date "2019.05.07"]
[Round "3"]
[White "xamax2000"]
[Black "rasmussvane"]
[Result "1-0"]
[WhiteElo "2625"]
[BlackElo "2797"]
[TimeControl "180+2"]
[EndTime "13:39:45 PDT"]
[Termination "xamax2000 won by checkmate"]

1. e4 e5 2. Nf3 Nc6 3. Bb5 a6 4. Ba4 Nf6 5. O-O Be7 6. Re1 b5 7. Bb3 O-O 8. a4 b4 9. d4 d6 10.
dxe5 Nxe5 11. Nbd2 Bb7 12. Nxe5 dxe5 13. Qf3 Bc5 14.
Bc4 a5 15. Bd3 Qe7 16. Nc4 Rfd8 17. Bg5 h6 18. Bxf6 Qxf6 19. Qxf6 gxf6 20. b3 Bd4 21. Rad1 Bc3 22. Rf1 Rd4 23. f3 Bc8 24. Ne3 Be6 25. Kf2 Rad8 26. Ke2 c5 27. f4 exf4 28. Rxf4 f5 29.
Nxf5 c4 30. bxc4 Rxc4 31. Nxh6+ Kg7 32. Nf5+ Kf8 33. Rdf1 Rc7 34. Ne3 Bd4 35. Nd5 Bxd5 36. exd5 Rxd5 37. Re4 f6 38. g4 Re7 39. h4 Ke8 40. h5 Rde5 41. Kf3 Rxe4 42. Bxe4 Rc7 43. Rd1 Rc3+ 44. Kf4 Be5+ 45. Kf5 Rh3 46. Kg6 Ke7 47. Bf5 Bf4 48. Rd7+ Ke8 49. Kxf6 Bd2 50. Rxd2 Rc3 51. Bg6+ Kf8 52. Rd8# 1-0

[Event "*** Titled Tuesday Blitz"]
[Site "Chess.com"]
[Date "2019.05.07"]
[Round "3"]
[White "hellokostya"]
[Black "MikaelyanArman"]
[Result "1-0"]
[WhiteElo "2541"]
[BlackElo "2697"]
[TimeControl "180+2"]
[EndTime "13:39:46 PDT"]
[Termination "hellokostya won on time"]

1. d4 Nf6 2. c4 g6 3. Nc3 Bg7 4. e4 O-O 5. h3 d6 6. Be3 Nbd7 7. Bd3 c5 8. d5 a6 9. a4 Rb8 10.
Nf3 Ne8 11. Qd2 Nc7 12. h4 b5 13. axb5 axb5 14. cxb5 e6 15. h5 exd5 16. exd5 Re8 17.
hxg6 fxg6 18. Kf1 Nf6 19. Bh6 Bh8 20. Ra7 Rb7 21. Rxb7 Bxb7 22. Ng5 Qe7 23. Bc4 Ng4 24. Ne6 Nxe6 25. dxe6 Bd4 26. Bg5 Qg7 27. e7+ Kh8 28. Rh4 Ne5 29. Rxd4 cxd4 30. Qf4 Nd7 31. Nd5 d3 32. Nb6 d2 33. Bb3 Qe5 34. Qxe5+ dxe5 35. Nxd7 h6 36. Bf6+ Kh7 37. Nxe5 Bd5 38. Bc2 Rc8 39. Bd1 Be4 40. Ke2 Bxg2 41. Nc6 h5 42. Nd8 1-0

[Event "*** Titled Tuesday Blitz"]
[Site "Chess.com"]
[Date "2019.05.07"]
[Round "3"]
[White "x-6099009240"]
[Black "Slovak_fighter2000"]
[Result "1-0"]
[WhiteElo "2373"]
[BlackElo "2440"]
[TimeControl "180+2"]
[EndTime "13:39:46 PDT"]
[Termination "x-6099009240 won on time"]

1. e4 e6 2. d4 d5 3. Nd2 a6 4.
Ngf3 c5 5. exd5 exd5 6. dxc5 Bxc5 7. Bd3 Qe7+ 8. Qe2 Qxe2+ 9. Bxe2 Nf6 10. Nb3 Bb6 11.
O-O Nc6 12. c3 Bg4 13. h3 Bh5 14. Bg5 O-O 15. Bxf6 gxf6 16. Rad1 Rad8 17. g4 Bg6 18. Nfd4 Rfe8 19. Bf3 Ne5 20. Bg2 Nc4 21. f4 Nxb2 22. f5 Nxd1 23. Rxd1 Re2 24. fxg6 fxg6 25. Rd2 Rxd2 26.
Nxd2 Bxd4+ 27. cxd4 Kf7 28. Nf1 Ke6 29. Ne3 f5 30.
gxf5+ gxf5 31. Kf2 f4 32. Nc2 a5 33. Ne1 Rc8 34. Ke2 Rc4 35. Kd3 Ra4 36. Bf3 Ra3+ 37.
Kc2 Rxa2+ 38. Kb3 Rh2 39. Ka4 Kd6 40. Kxa5 Rxh3 41. Kb6 Rh2 42. Kxb7 Rd2 43. Kb6 Rxd4 44. Kb5 Rd2 45. Kb4 d4 46. Kc4 Ke5 47. Nd3+ Kf5 48.
Kxd4 Kg5 49. Ke4 Ra2 50. Nc5 1-0